 Dungeon Crawl Stone Soup version 0.30-a0-165-g1891117ce2 (webtiles) character file.

Game seed: 1849744243554037684

44 qw the Chopper (level 3, 0/23 HPs)
             Began as a Gargoyle Fighter on Sept 28, 2022.
             Slain by a gnoll
             ... wielding a +0 halberd
              (3 damage)
             ... on level 2 of the Dungeon.
             The game lasted 00:00:28 (1496 turns).

qw the Chopper (Gargoyle Fighter)                   Turns: 1496, Time: 00:00:29

Health: 0/23       AC: 10    Str: 21    XL:     3   Next: 62%
Magic:  3/3        EV:  9    Int:  8    God:
Gold:   66         SH:  4    Dex:  9    Spells: 2/2 levels left

rFire   . . .      SeeInvis .    Y - +0 war axe
rCold   . . .      Faith    .    c - +0 buckler
rNeg    + . .      Spirit   .    b - +0 scale mail
rPois   inf        Reflect  .    (no helmet)
rElec   +          Harm     .    (no cloak)
rCorr   .          Rampage  .    (no gloves)
Will    .....                    (no boots)
Stlth   ..........               (no amulet)
HPRegen 0.07/turn                (no ring)
MPRegen 0.08/turn                (no ring)

@: no status effects
A: sickness immunity, AC +3, negative energy resistance 1, electricity
resistance, torment resistance 1, petrification resistance
a: no special abilities


You were on level 2 of the Dungeon.
You visited 1 branch of the dungeon, and saw 2 of its levels.

You collected 66 gold pieces.


Innate Abilities, Weirdness & Mutations

You are immune to sickness and miasma.
Your stone body is resilient. (AC +3)
You are immune to poison.
You resist negative energy. (rN+)
You are resistant to electric shocks. (rElec)
You are resistant to unholy torment.
You are immune to petrification.


   Skills:
 - Level 3.2 Fighting
 + Level 3.5 Axes
 - Level 3.2 Armour
 - Level 3.2 Shields


You had 2 spell levels left.
You didn't know any spells.
Your spell library was empty.

Inventory:

Hand Weapons
 i - a +0 flail
 Y - a +0 war axe (weapon)
Armour
 b - a +0 scale mail (worn)
 c - a +0 buckler (worn)
Potions
 d - a potion of might
 e - 4 potions of curing
 g - a potion of magic {unknown}
 j - a potion of lignification {unknown}

Dungeon Overview and Level Annotations

Branches:
Dungeon (2/15)

Altars:


Message History

Found 12 gold pieces.
Found a stone staircase leading down.
The gnoll shouts!
You hear a shout!
A gnoll comes into view. It is wielding a +0 halberd.
1485 ||| Stepping ~*~*~tactically~*~*~ (hiding).
1486 ||| Stepping ~*~*~tactically~*~*~ (hiding).
Found a viscous coppery potion.
A gnoll comes into view. It is wielding a +0 halberd.
The gnoll shouts!
The gnoll misses you.
You hit the gnoll.
The gnoll is heavily wounded.
You block the gnoll's attack. The gnoll barely misses you.
You hit the gnoll.
The gnoll is severely wounded.
The gnoll hits you from afar with a +0 halberd.
You block the gnoll's attack.
The gnoll hits you from afar with a +0 halberd.
The gnoll closely misses you.
You hit the gnoll.
The gnoll is almost dead.
The gnoll barely misses you. You block the gnoll's attack.
The gnoll barely misses you.
You hit the gnoll but do no damage.
The gnoll is almost dead.
The gnoll hits you from afar with a +0 halberd!
The gnoll hits you but does no damage. The gnoll barely misses you.
The gnoll closely misses you. x2; You block the gnoll's attack.
You hit the gnoll.
You kill the gnoll!
The gnoll barely misses you.
The gnoll throws a throwing net.
The throwing net hits you.
You become entangled in the net!
You struggle against the net.
The gnoll barely misses you. The gnoll completely misses you.
You tear a large gash into the net.
The gnoll hits you from afar with a +0 halberd!
The gnoll barely misses you.
You shred the net and break free! The gnoll hits you but does no damage.
The gnoll hits you from afar with a +0 halberd.
You die...

.)......#########
#####
................#
.....
#.######..<.###.#
!..... #.# ####.#
#.# .....$ #.#
#.###.##......
#..
#.............
...
####.#..$.....
#.##
###[....#......
...
....[..@.......
####.g)##......
#.#g# ######
#...# (.>## ###.
.. ..


You could see 2 gnolls.

Vanquished Creatures
  A gnoll (D:2)
  5 bats (D:1)
  3 endoplasms (D:1)
  2 giant cockroaches (D:1)
  3 goblins (D:1)
  5 hobgoblins
  4 ball pythons (D:1)
  2 frilled lizards (D:1)
  4 kobolds
  2 rats (D:1)
31 creatures vanquished.

Notes
Turn   | Place    | Note
-------+----------+-------------------------------------------
     0 | D:1      | qw the Gargoyle Fighter began the quest for the Orb.
     0 | D:1      | Reached XP level 1. HP: 14/14 MP: 1/1
     0 | D:1      | 0 ||| qw: Version: 0.2-a-10-g37ed214
     0 | D:1      | 0 ||| qw: Game counter: 722
     0 | D:1      | 0 ||| qw: Always use a shield: true
     0 | D:1      | 0 ||| qw: God list: Okawaru
     0 | D:1      | 0 ||| qw: Allow faded altars: false
     0 | D:1      | 0 ||| qw: Do Orc after D:15 true
     0 | D:1      | 0 ||| qw: Do second Lair branch before Depths: true
     0 | D:1      | 0 ||| qw: Lair rune preference: random
     0 | D:1      | 0 ||| qw: Plans: Normal, Zot:1-4, God:TSO, Crypt, Tomb,
                  | Pan, Slime:5, Hells, Abyss, Orb
     0 | D:1      | 0 ||| PLANNING D:1-11
   578 | D:1      | Found a faded altar of an unknown god.
   581 | D:1      | 581 ||| Stepping ~*~*~tactically~*~*~ (stealth).
   582 | D:1      | 582 ||| Stepping ~*~*~tactically~*~*~ (stealth).
   585 | D:1      | Reached XP level 2. HP: 19/19 MP: 2/2
   661 | D:1      | 661 ||| Stepping ~*~*~tactically~*~*~ (stealth).
   932 | D:1      | Reached skill level 3 in Axes
  1126 | D:1      | Reached XP level 3. HP: 23/23 MP: 3/3
  1136 | D:1      | 1136 ||| Stepping ~*~*~tactically~*~*~ (stealth).
  1424 | D:1      | 1424 ||| READING scroll labelled ADUNIY DIMERGH.
  1425 | D:1      | 1425 ||| READING scroll labelled GINIK SESKE.
  1429 | D:1      | 1429 ||| DRINKING 3 cyan potions.
  1485 | D:2      | 1485 ||| Stepping ~*~*~tactically~*~*~ (hiding).
  1486 | D:2      | 1486 ||| Stepping ~*~*~tactically~*~*~ (hiding).
  1495 | D:2      | HP: 3/23 [gnoll/+0 halberd (7)]
  1496 | D:2      | Slain by a gnoll

Levels and vault maps discovered:
D:1:      psy_arrival_radial01, layout_basic, basic_ecumenical_altar,
          skrybe_limestone_x, minmay_misc_feat_four_crosses
D:2:      layout_rooms, serial_shops, nicolae_shop_window_shopping

Skill      XL: |  1  2 |
---------------+-------+-----
Axes           | 2 3 |  3.5
Fighting       | |  3.2
Armour         | |  3.2
Shields        | |  3.2

Action                   || total
-------------------------++-------
Melee: War axe           ||    90
  Use: Scroll            ||     2
       Potion            ||     1
Armor: Scale mail        ||    33
Dodge: Dodged            ||    56
Block: Buckler           ||    23

Table legend:
 A = Non-vault XP
 B = Vault XP
 C = Vault XP percentage of total XP
 D = Non-vault monster count
 E = Vault monster count
 F = Vault count percentage of total count
                 A         B        C        D         E       F
            +---------+---------+-------+---------+---------+-------
      Total |      64 |       0 |   0.0 |      31 |       0 |   0.0
            +---------+---------+-------+---------+---------+-------
        D:1 |      48 |       0 |   0.0 |      28 |       0 |   0.0
        D:2 |      16 |       0 |   0.0 |       3 |       0 |   0.0
            +---------+---------+-------+---------+---------+-------
